 Dungeon Crawl Stone Soup version 0.31-a0-167-g1c394c0614 (webtiles) character file.

Game seed: 17871682488188946812

15192 jasper the Geomancer (level 11, -3/52 HPs)
             Began as a Spriggan Venom Mage on June 14, 2023.
             Was an Elder of Kikubaaqudgha.
             Succumbed to Nessos's poison
             ... on level 1 of the Orcish Mines.
             The game lasted 00:23:06 (15240 turns).

jasper the Geomancer (Spriggan Venom Mage)         Turns: 15240, Time: 00:23:07

Health: -3/52      AC:  7    Str:  4    XL:     11   Next: 98%
Magic:  7/22       EV: 20    Int: 21    God:    Kikubaaqudgha [****..]
Gold:   797        SH:  0    Dex: 16    Spells: 4/24 levels left

rFire   . . .        f - +5 double sword (freeze)
rCold   . . .        (shield currently unavailable)
rNeg    . . .        v - +1 steam dragon scales
rPois   .            (helmet restricted)
rElec   .            D - +0 cloak
rCorr   .            (gloves unavailable)
SInv    +            (boots unavailable)
Will    +....        r - amulet of the acrobat
Stlth   ++           (no ring)
HPRegen 0.28/turn    (no ring)
MPRegen 0.18/turn

%: acrobat
@: lethally poisoned (-3 -> -24), very slightly contaminated, very quick
A: very small, no large weapons, unfitting armour, see invisible, speed 3
a: Renounce Religion, Unearth Wretches


You were on level 1 of the Orcish Mines.
You worshipped Kikubaaqudgha.
Kikubaaqudgha was greatly pleased with you.
You visited 3 branches of the dungeon, and saw 14 of its levels.

You collected 941 gold pieces.
You spent 144 gold pieces at shops.

Inventory:

Hand Weapons
 c - a +0 falchion
 d - a +0 club
 f - a +5 double sword of freezing (weapon)
 h - a +1 short sword
Missiles
 e - 30 poisoned darts
 j - 37 stones
 C - 4 throwing nets
Armour
 a - a +0 robe
 s - a +2 robe of willpower
 v - +1 steam dragon scales (worn)
 D - a +0 cloak (worn)
Jewellery
 r - an amulet of the acrobat (around neck)
 G - a ring of fire
Wands
 q - a wand of polymorph (1)
 y - a wand of flame (13)
 z - a wand of light (10)
Scrolls
 o - a scroll of teleportation
 u - 3 scrolls of revelation
 w - a scroll of blinking
 A - 2 scrolls of brand weapon
 B - a scroll of torment
 F - a scroll of enchant armour
Potions
 b - 3 potions of magic
 g - 3 potions of heal wounds
 i - a potion of enlightenment
 k - 3 potions of haste
 l - a potion of might
 m - 2 potions of brilliance
 n - a potion of cancellation
 p - 2 potions of curing
 t - a potion of resistance
 E - a potion of degeneration
Miscellaneous
 x - a phial of floods


   Skills:
 - Level 3.2 Fighting
 - Level 6.1 Dodging
 - Level 3.0 Stealth
 - Level 7.1 Spellcasting
 - Level 7.0 Conjurations
 + Level 7.1 Necromancy
 - Level 1.3 Transmutations
 + Level 10.1 Earth Magic
 - Level 7.0 Poison Magic
 - Level 5.0 Evocations


You had 4 spell levels left.
You knew the following spells:

 Your Spells              Type           Power      Damage    Failure   Level
a - Sting                 Tmut/Pois      100%       1d8       1%          1
b - Poisonous Vapours     Pois/Air       44%        N/A       3%          2
c - Mephitic Cloud        Conj/Pois/Air  27%        N/A       3%          3
d - Olgreb's Toxic Radia  Pois           36%        N/A       4%          4
e - Stone Arrow           Conj/Erth      86%        3d12      1%          3
f - Sublimation of Blood  Necr           37%        N/A       1%          2
g - Borgnjor's Vile Clut  Necr/Erth      21%        N/A       7%          5

Your spell library contained the following spells:

 Spells                   Type           Power      Damage    Failure   Level
 Kiss of Death            Conj/Necr      100%       2d13      1%          1
 Necrotise                Necr           100%       1d9       1%          1
 Cigotuvi's Dreadful Rot  Necr/Pois/Air  54%        N/A       1%          2
 Apportation              Tloc           14%        N/A       9%          1
 Summon Small Mammal      Summ           28%        N/A       9%          1
 Petrify                  Tmut/Erth      31%        N/A       9%          4
 Animate Armour           Summ/Erth      56%        N/A       11%         4
 Anguish                  Hex/Necr       11%        N/A       21%         4
 Tukima's Dance           Hex            7%         N/A       26%         3
 Passage of Golubria      Tloc           7%         N/A       65%         4
 Agony                    Necr           37%        N/A       13%         5
 Freezing Cloud           Conj/Ice/Air   8%         6-21      67%         5
 Statue Form              Tmut/Erth      20%        N/A       77%         6
 Yara's Violent Unravell  Hex/Tmut       5%         3d4       88%         5
 Metabolic Englaciation   Hex/Ice        3%         N/A       94%         5
 Simulacrum               Ice/Necr       11%        N/A       97%         6
 Lehudib's Crystal Spear  Conj/Erth      21%        10d6      100%        8


Dungeon Overview and Level Annotations

Branches:
Dungeon (11/15)            Temple (1/1) D:6             Orc (2/2) D:9
   Lair: D:8-11         Elf: Orc:2

Altars:
Ashenzari
Cheibriados
Dithmenos
Elyvilon
Fedhas
Gozag
Hepliaklqana
Kikubaaqudgha
Makhleb
Nemelex Xobeh
Okawaru
Qazlal
Ru
Sif Muna
Trog
Uskayaw
Vehumet
Wu Jian
Xom
Yredelemnul
Zin

Shops:
D:7 *   D:9 [

Portals:
Trove: D:10 (give 8 scrolls of fear)

Annotations:
D:7 3 runed translucent doors, AwFulAwFulPlayer's ghost, novice TrMo
D:11 1 runed translucent door, knightboat's ghost, journeyman DESu
Temple 2 transporters
Orc:2 Nessos


Innate Abilities, Weirdness & Mutations

You are very small and have problems with some larger weapons.
You are too small for most types of armour.
You have supernaturally acute eyesight. (SInv)
You cover ground extremely quickly. (Speed+++)


Message History

* * * LOW HITPOINT WARNING * * *
Nessos shoots an arrow.
The arrow completely misses you.
The orc knight roars a battlecry!
The orc priest goes into a battle-frenzy!
You hear a shout! x2
You take 16 damage, and have 13/52 hp.
MASSIVE DAMAGE!!
You now have 6/22 mp.
You feel much better.
The orc knight looks even sicker.
Nessos shoots an arrow.
The arrow hits you. The arrow burns you.
You are poisoned.
Nessos gestures wildly while chanting.
Nessos blinks!
Nessos shoots an arrow.
The arrow completely misses you.
You regained 11 hp, and now have 24/52 hp.
Okay, then.
Unknown command.
Unknown command.
The orc knight looks as sick as possible!
You feel sick.
Nessos shoots an arrow.
The arrow closely misses you.
You take 2 damage, and have 22/52 hp.
The orc priest looks even sicker.
Nessos looks even sicker.
Your toxic aura wanes.
You feel sick.
Nessos shoots an arrow.
The arrow completely misses you.
The orc priest begins to cast a cantrip, but forgets the words!
The orc knight roars a battlecry!
Nessos mumbles some strange words.
Nessos blinks!
You hear a shout!
You feel sick.
You take 1 damage, and have 21/52 hp.
You feel sick.
There is a stone staircase leading up here.
You take 1 damage, and have 20/52 hp.
You feel sick.
Nessos shoots an arrow.
The arrow completely misses you.
Nessos mumbles some strange words.
Nessos blinks!
Nessos shoots an arrow.
The arrow hits you!
* * * LOW HITPOINT WARNING * * *
The arrow burns you.
You are lethally poisoned!
* * * LOW HITPOINT WARNING * * *
You climb upwards.
You die...
Kikubaaqudgha rasps: "You have failed me!
Welcome... death!"

...)#### #....###..#.......##..
.#...# #....#.....#..#....#..
##...## ###.........#......#...
#.....#####.#...#........#...#..#
.#.#...#.#.........)............#
.#.#............................#
.......#.#.............#........#
...##.###...#.....)#......).#..##
...#### ##......@<.........[.[..#
#.## ##.........[.....[.......
### #........[..............#
##.....................##
#................#..#...#
##...##....)........##.[#
####..###...........###...
##.#....#..###.....######..
#......##..#.........##....


There were no monsters in sight!

Vanquished Creatures
  Harold (D:9)
  4 two-headed ogres
  Amaemon (D:9)
  Pikel (D:6)
  An orc knight (Orc:1)
  An orange demon (D:9)
  A gargoyle (D:11)
  Maggie (D:6)
  An unseen horror (D:10)
  A kobold demonologist (D:8)
  5 trolls
  Sigmund (D:6)
  2 shadows
  2 wyverns
  A wraith (D:8)
  10 yaks (D:8)
  2 basilisks (D:11)
  A steam dragon (D:8)
  5 wargs
  An acid dragon (D:11)
  A two-headed ogre zombie (D:9)
  Edmund (D:5)
  2 water moccasins
  Duvessa (D:5)
  7 orc warriors
  2 ice beasts
  A sky beast (D:7)
  5 centaurs
  An ogre (D:5)
  5 phantoms
  A lemure (D:6)
  2 kobold brigands
  Blork the orc (D:5)
  2 bullfrogs
  A gnoll sergeant (D:9)
  2 scorpions (D:5)
  12 wights
  Dowan (D:5)
  3 troll zombies (D:9)
  3 killer bees (D:9)
  2 howler monkeys
  5 hounds
  2 jellies
  4 orc priests
  3 iron imps (D:3)
  A gnoll bouda (D:8)
  4 iguanas
  7 orc wizards
  4 ogre zombies (D:9)
  7 gnolls
  12 adders
  An ufetubus (D:5)
  5 worms
  3 dart slugs
  25 orcs
  7 ball pythons
  11 bats
  12 endoplasms
  4 giant cockroaches
  5 hobgoblins
  4 jackals (D:5)
  18 kobolds
  8 frilled lizards
  2 goblin zombies (D:9)
  A hobgoblin zombie (D:9)
  4 orc skeletons (D:9)
  18 orc zombies (D:9)
  4 rats
280 creatures vanquished.

Notes
Turn   | Place    | Note
-------+----------+-------------------------------------------
     0 | D:1      | jasper the Spriggan Venom Mage began the quest for the Orb.
     0 | D:1      | Reached XP level 1. HP: 9/9 MP: 5/5
   297 | D:1      | Reached XP level 2. HP: 13/13 MP: 4/6
   300 | D:1      | Learned a level 2 spell: Poisonous Vapours
  1384 | D:2      | Reached XP level 3. HP: 16/16 MP: 5/8
  1388 | D:2      | Learned a level 3 spell: Mephitic Cloud
  2114 | D:2      | Reached skill level 5 in Poison Magic
  2114 | D:2      | Reached XP level 4. HP: 19/21 MP: 0/9
  2736 | D:2      | Identified a scroll of acquirement
  2736 | D:2      | Acquired a +4 double sword of venom
  3317 | D:3      | Found a burning altar of Makhleb.
  3337 | D:3      | Reached XP level 5. HP: 24/24 MP: 5/10
  3489 | D:3      | Found a sacrificial altar of Ru.
  3491 | D:3      | Found a white marble altar of Elyvilon.
  3858 | D:4      | Found a shimmering blue altar of Sif Muna.
  4052 | D:4      | Noticed a phantom
  4055 | D:4      | Killed a phantom
  4056 | D:4      | Reached XP level 6. HP: 28/28 MP: 9/11
  4061 | D:4      | Learned a level 4 spell: Olgreb's Toxic Radiance
  4660 | D:5      | Entered Level 5 of the Dungeon
  4705 | D:5      | Learned a level 3 spell: Stone Arrow
  4879 | D:5      | Reached skill level 1 in Earth Magic
  4883 | D:5      | Reached skill level 1 in Conjurations
  4883 | D:5      | Reached XP level 7. HP: 32/32 MP: 9/14
  4895 | D:5      | Reached skill level 2 in Earth Magic
  4991 | D:5      | Noticed Edmund
  5003 | D:5      | Killed Edmund
  5032 | D:5      | Noticed Dowan
  5035 | D:5      | Noticed Duvessa
  5038 | D:5      | Killed Dowan
  5344 | D:5      | Reached skill level 3 in Earth Magic
  5351 | D:5      | Killed Duvessa
  5579 | D:5      | Reached XP level 8. HP: 22/36 MP: 15/15
  5670 | D:5      | Noticed Blork the orc
  5686 | D:5      | Killed Blork the orc
  5687 | D:5      | Reached skill level 4 in Earth Magic
  6044 | D:6      | Noticed Pikel
  6064 | D:6      | Killed Pikel
  6065 | D:6      | Reached skill level 5 in Earth Magic
  6194 | D:6      | Noticed Maggie
  6213 | D:6      | Killed Maggie
  6242 | D:6      | Reached skill level 6 in Earth Magic
  6242 | D:6      | Reached XP level 9. HP: 39/39 MP: 1/16
  6352 | D:6      | Found a staircase to the Ecumenical Temple.
  6371 | Temple   | Entered the Ecumenical Temple
  6371 | Temple   | Found a transporter.
  6371 | Temple   | Found a transporter.
  6373 | Temple   | Found a transporter.
  6373 | Temple   | Found a transporter.
  6383 | Temple   | Became a worshipper of Kikubaaqudgha
  6404 | D:6      | Noticed Sigmund
  6413 | D:6      | Killed Sigmund
  6414 | D:6      | Reached skill level 5 in Conjurations
  7126 | D:7      | Found an iron altar of Okawaru.
  7653 | D:7      | Found a runed translucent gate.
  7653 | D:7      | Found a runed translucent gate.
  7653 | D:7      | Found a runed translucent gate.
  7653 | D:7      | Noticed AwFulAwFulPlayer's ghost (novice TrMo)
  7654 | D:7      | Identified the +1 chain mail of True Grit {Regen+ Slay+5
                  | Stlth+}
  7671 | D:7      | Reached skill level 7 in Earth Magic
  7713 | D:7      | Found a radiant altar of Vehumet.
  7815 | D:7      | Found Xostrus's Elemental Accessories.
  7823 | D:7      | Bought a wand of iceblast (4) for 144 gold pieces
  7862 | D:7      | Found a hide-covered altar of Uskayaw.
  8336 | D:8      | Noticed a two-headed ogre
  8354 | D:8      | Killed a two-headed ogre
  8483 | D:8      | Reached skill level 8 in Earth Magic
  8767 | D:8      | Reached * piety under Kikubaaqudgha
  8767 | D:8      | Received a gift from Kikubaaqudgha
  8772 | D:8      | Learned a level 2 spell: Sublimation of Blood
  8885 | D:8      | Reached XP level 10. HP: 44/44 MP: 3/17
  9119 | D:8      | Reached skill level 9 in Earth Magic
  9229 | D:8      | Reached skill level 1 in Necromancy
  9229 | D:8      | Reached skill level 1 in Evocations
  9360 | D:8      | Reached skill level 1 in Fighting
  9524 | D:8      | Found a blossoming altar of Fedhas.
  9621 | D:8      | Noticed a two-headed ogre
  9626 | D:8      | Killed a two-headed ogre
  9874 | D:9      | Noticed Harold
  9887 | D:9      | Killed Harold
  9888 | D:9      | Reached skill level 5 in Dodging
 10301 | D:9      | Reached XP level 11. HP: 46/50 MP: 11/18
 10421 | D:9      | Found a stormy altar of Qazlal.
 10455 | D:9      | Found Toburab's Armour Shoppe.
 10657 | D:9      | Found a snail-covered altar of Cheibriados.
 10720 | D:9      | Reached ** piety under Kikubaaqudgha
 11044 | D:9      | Noticed Amaemon
 11109 | D:9      | Killed Amaemon
 11111 | D:9      | Reached skill level 5 in Necromancy
 11111 | D:9      | Reached skill level 5 in Evocations
 11371 | D:9      | Found a staircase to the Orcish Mines.
 12203 | D:10     | Entered Level 10 of the Dungeon
 12203 | D:10     | Found a glowing silver altar of Zin.
 12229 | D:10     | Reached *** piety under Kikubaaqudgha
 12229 | D:10     | Received a gift from Kikubaaqudgha
 12269 | D:10     | Found a portal to a secret trove of treasure.
 12346 | D:10     | Found an ornate altar of the Wu Jian Council.
 12721 | D:10     | Found a sparkling altar of Nemelex Xobeh.
 12762 | D:10     | Reached skill level 5 in Spellcasting
 13527 | D:11     | Learned a level 5 spell: Borgnjor's Vile Clutch
 13554 | D:11     | Noticed a two-headed ogre
 13562 | D:11     | Killed a two-headed ogre
 13665 | D:11     | Found a runed translucent door.
 13665 | D:11     | Noticed knightboat's ghost (journeyman DESu)
 13685 | D:11     | Noticed a two-headed ogre
 13694 | D:11     | Killed a two-headed ogre
 13879 | D:11     | Noticed a green ugly thing
 13959 | Orc:1    | Entered Level 1 of the Orcish Mines
 13960 | Orc:1    | Noticed an orc knight
 14013 | Orc:1    | Killed an orc knight
 14683 | Orc:1    | Reached skill level 10 in Earth Magic
 14972 | Orc:2    | Entered Level 2 of the Orcish Mines
 14987 | Orc:2    | Reached **** piety under Kikubaaqudgha
 15230 | Orc:2    | Noticed Nessos
 15231 | Orc:2    | Noticed an orc knight
 15240 | Orc:1    | Succumbed to Nessos's poison

Illustrated notes

Levels and vault maps discovered:
D:1:      dpeg_arrival_round_c, layout_basic
D:2:      layout_basic
D:3:      layout_rooms, demons_altar, jmf_multi_god_temple
D:4:      layout_loops_ring, led_sif_pool, nicolae_half_adder
D:5:      layout_rooms, minmay_door_square, uniq_duvessa, uniq_blork_the_orc,
          uniq_edmund
D:6:      layout_gridville, minmay_temple_entry_slanted, uniq_pikel,
          uniq_sigmund, uniq_maggie
D:7:      layout_basic, old_standard_altar, lemuel_doored_altar,
          mainiacjoe_overflow_small_starburst, biasface_ghost_orc_armoury,
          nicolae_elemental_shop, minivault_23, minmay_holes
D:8:      layout_basic, general_overflow_altar
D:9:      layout_long_grid, overflow_temple_1_default, kennysheep_slug_shrine,
          zombieorc2_lemuel, serial_shops, shop, kennysheep_generic_room_11,
          uniq_amaemon, uniq_harold
D:10:     layout_roguey, lemuel_tele_altar, nemelex_diamond_rough_becter,
          lemuel_crystal_altar, enter_trove_3
D:11:     layout_irregular_city, erik_lair_dragon, gammafunk_ghost_grave
Temple:   hellmonk_temple_divided_pantheon
Orc:1:    cheibrodos_orc_guarddog, layout_caves
Orc:2:    st_orc_pillars, layout_caves, chequers_guarded_unrand_ignorance,
          uniq_nessos

Skill      XL: |  1  2  3  4  5  6  7  8  9 10 11 |
---------------+----------------------------------+-----
Poison Magic   | 4 5 6 7 |  7.0
Spellcasting   | 4 7 |  7.1
Earth Magic    | 1 3 6 8 9 10 | 10.1
Conjurations   | 1 3 4 6 7 |  7.0
Dodging        | 5 6 |  6.1
Necromancy     | 4 7 |  7.1
Evocations     | 4 5 |  5.0
Fighting       | 2 3 |  3.2
Stealth        | |  3.0
Transmutations | |  1.3

Action                     |  1- 3 |  4- 6 |  7- 9 | 10-12 || total
---------------------------+-------+-------+-------+-------++-------
  Melee: Short sword       |     5 |       |       |       ||     5
         Falchion          |    12 |       |       |       ||    12
         Double sword      |       |    36 |    31 |    98 ||   165
  Throw: Dart              |     2 |       |       |       ||     2
         Stone             |     3 |       |       |       ||     3
   Cast: Sting             |    66 |    69 |    13 |       ||   148
         Poisonous Vapours |    20 |    24 |    35 |    22 ||   101
         Olgreb's Toxic Ra |       |     2 |    14 |    37 ||    53
         Mephitic Cloud    |       |       |     4 |     1 ||     5
         Stone Arrow       |       |       |    48 |   122 ||   170
         Sublimation of Bl |       |       |       |     8 ||     8
         Borgnjor's Vile C |       |       |       |     1 ||     1
  Evoke: Wand              |       |       |       |     5 ||     5
         Phial of floods   |       |       |       |     1 ||     1
    Use: Scroll            |     5 |     5 |     6 |     6 ||    22
         Potion            |       |       |       |     2 ||     2
   Stab: Confused          |       |       |     2 |       ||     2
 Armour: Robe              |     9 |     4 |     5 |       ||    18
         Steam dragon scal |       |       |     4 |    23 ||    27
  Dodge: Dodged            |    45 |    51 |    40 |   158 ||   294

Table legend: (Time is in decaauts)
 A = Elapsed time spent in this place.
 B = Non-inter-level travel time spent in this place.
 C = Inter-level travel time spent in this place.
 D = Time resting spent in this place.
 E = Time spent auto-exploring this place.
 F = Levels seen in this place.
 G = Mean time per level.
                   A        B        C        D        E       F      G
               +--------+--------+--------+--------+--------+-----+--------+
         Total |  12579 |  12235 |    344 |   1530 |   8964 |  14 |  898.5 |
       Dungeon |  11781 |  11453 |    328 |   1324 |   8544 |  11 | 1071.0 |
        Temple |     19 |     14 |      5 |      0 |      0 |   1 |   19.0 |
  Orcish Mines |    778 |    768 |     10 |    206 |    419 |   2 |  389.0 |
               +--------+--------+--------+--------+--------+-----+--------+

Top non-repeatable levels by time:
     D:9: 1861 daAuts
     D:8: 1765 daAuts
     D:2: 1143 daAuts
     D:1: 1094 daAuts
     D:7: 1064 daAuts
     D:5: 927 daAuts
     D:6: 919 daAuts
     D:3: 875 daAuts
    D:10: 827 daAuts
     D:4: 729 daAuts
    D:11: 573 daAuts
   Orc:1: 521 daAuts
   Orc:2: 257 daAuts
  Temple: 19 daAuts
